 Dungeon Crawl Stone Soup version 0.19-a0-994-g3c636f0 (webtiles) character file.

32 Musica the Ruffian (level 3, -2/31 HPs)
             Began as a Naga Transmuter on July 15, 2016.
             Slain by Robin
             ... wielding a +5 mace of protection
              (4 damage)
             ... on level 1 of the Dungeon.
             The game lasted 00:02:35 (843 turns).

Musica the Ruffian (Naga Transmuter)                 Turns: 843, Time: 00:02:36

Health: -2/31      AC:  2    Str: 12    XL:     3   Next: 25%
Magic:  5/6        EV: 10    Int: 14    God:
Gold:   36         SH:  0    Dex: 11    Spells: 1 memorised, 5 levels left

rFire  . . .     SeeInvis +       - Unarmed
rCold  . . .     Gourm    .     b - +0 robe
rNeg   . . .     Faith    .     (no shield)
rPois  +         Spirit   .     (no helmet)
rElec  .         Dismiss  .     (no cloak)
rCorr  .         Reflect  .     (no gloves)
SustAt .         Harm     .     (no barding)
MR     .....                    (no amulet)
Stlth  +.........               (no ring)
                                (no ring)

@: appendage, very slow, not resistant to hostile enchantments, very unstealthy
A: horns 2, see invisible, deformed body, poison resistance, slowness 2, slow
metabolism 1, spit poison 2, AC +1
a: Spit Poison, End Transformation


You were on level 1 of the Dungeon.
You were not hungry.
You had grown temporary horns.
You visited 1 branch of the dungeon, and saw 2 of its levels.

You collected 36 gold pieces.

Inventory:

Missiles
 a - 12 arrows
Armour
 b - a +0 robe (worn)
Books
 c - a book of Changes

   Spells                             Type                      Level
   a - Beastly Appendage              Transmutation                1
   b - Sticks to Snakes               Transmutation                2
   c - Spider Form                    Transmutation/Poison         3
   d - Ice Form                       Ice/Transmutation            4
   e - Blade Hands                    Transmutation                5
Comestibles
 d - 2 bread rations
 g - 7 fruits


   Skills:
 + Level 1.2 Fighting
 - Level 1.5 Dodging
 + Level 3.9 Unarmed Combat
 + Level 2.2 Spellcasting
 + Level 2.2 Transmutations


You had 5 spell levels left.
You knew the following spells:

 Your Spells              Type           Power        Failure   Level  Hunger
a - Beastly Appendage     Tmut           #.....       12%         1    #......


Dungeon Overview and Level Annotations

Branches:
Dungeon (2/15)

Altars:

Annotations:
D:1 Robin


Innate Abilities, Weirdness & Mutations

You cannot wear boots.
Your serpentine skin is tough. (AC +1)
You have supernaturally acute eyesight. (SInv)
Armour fits poorly on your strangely shaped body.
Your system is resistant to poisons. (rPois)
You cover ground very slowly.
You have a slow metabolism.
You can spit poison.
You have a pair of horns on your head.


Message History

Confirm with . or Enter, or press ? or * to list all spells.
You grow a pair of large bovine horns.
The hobgoblin barely misses you. The goblin hits you with a club.
Robin roars a battlecry!
The goblins go into a battle-frenzy!
Robin hits you with a mace of protection.
You hit Robin but do no damage. Your headbutt misses Robin.
The hobgoblin hits you. The goblin hits you with a club.
You hit Robin but do no damage. You headbutt Robin, but do no damage.
Robin hits you with a mace of protection.
The hobgoblin hits you!
* * * LOW HITPOINT WARNING * * *
The goblin hits you with a club.
* * * LOW HITPOINT WARNING * * *
You aren't carrying any potions.
As you read the scroll labeled QICKIE PYTRUE, it crumbles to dust.
The creatures around you are filled with an inner flame!
It was a scroll of immolation.
The hobgoblin completely misses you.
Robin hits you with a mace of protection.
You die...

#....#.## #.#
..####.## #.# ###
#..# #.# ##.#### #.#
#....# #.#
#######....# #.#
#..........### #.#
#.#######....###g#
#.# ##..##..##@##
#.#####..####[.)gg###
...##...## ###.....#
...##.### ###...#
...##.# #...# .>.##.#
##..# ...##.# #..#
...####
########..#### #'##
##...#........#


You could see Robin (inner flame), a hobgoblin (inner flame) and a goblin (inner
flame).

Vanquished Creatures
  An ooze (D:1)
  2 dart slugs (D:1)
  A bat (D:1)
  3 giant cockroaches (D:1)
  6 goblins
  2 hobgoblins (D:1)
  2 jackals (D:1)
  A giant newt (D:1)
  A kobold (D:1)
  A rat (D:1)
20 creatures vanquished.

Notes
Turn   | Place    | Note
-------+----------+-------------------------------------------
     0 | D:1      | Musica the Naga Transmuter began the quest for the Orb.
     0 | D:1      | Reached XP level 1. HP: 18/18 MP: 3/3
    95 | D:2      | Noticed Robin
   144 | D:1      | Reached XP level 2. HP: 20/25 MP: 3/5
   415 | D:1      | Reached XP level 3. HP: 18/31 MP: 6/6
   843 | D:1      | Slain by Robin

Vault maps used:
D:1:      dpeg_arrival_simpleton_b, bh_walls_and_bars
D:2:      first_bread, uniq_robin

Action                   || total
-------------------------++-------
Melee: Unarmed           ||    63
       Headbutt          ||     9
 Cast: Beastly Appendage ||    11
  Use: Scroll            ||     2
       Potion            ||     1
 Stab: Sleeping          ||     1
Armor: Robe              ||    10
Dodge: Dodged            ||    45
